TOP OF THE 1ST |
Richmond Flairs batting - Pitching for Trenton Stars : RHP Jesús Martínez
|
Pitching: RHP Jesús Martínez
|
|
Batting: LHB Luis Villa
|
0-0: Swinging Strike 0-1: Swinging Strike 0-2: Strikes out looking
|
Batting: RHB R.J. Crosby
|
0-0: Ball 1-0: Called Strike 1-1: Foul Ball, location: 2F 1-2: SOLO HOME RUN (Flyball, 9LD), Distance : 332 ft
|
Batting: LHB Sean Nicks
|
0-0: Ball 1-0: Called Strike 1-1: Swinging Strike 1-2: Strikes out swinging
|
Batting: RHB Jorge Jiménez
|
0-0: Ball 1-0: Foul Ball, location: 2F 1-1: Ground out 6-3 (Groundball, 6MS)
|
Top of the 1st over - 1 run(s), 1 hit(s), 0 error(s), 0 left on base; Richmond 1 - Trenton 0 |
BOTTOM OF THE 1ST |
Trenton Stars batting - Pitching for Richmond Flairs : RHP Jack Walker
|
Pitching: RHP Jack Walker
|
|
Batting: LHB Alonzo Medine
|
0-0: Ball 1-0: Ball 2-0: DOUBLE (Line Drive, 9D)
|
Batting: RHB Ken McDonald
|
0-0: Ball 1-0: Ground out 5-3 (Groundball, 56)
|
Batting: RHB Rafael Canales
|
0-0: Ball 1-0: Ball 2-0: Called Strike 2-1: Foul Ball, location: 2F 2-2: Foul Ball, location: 2F 2-2: Ball 3-2: 2-RUN HOME RUN (Flyball, 8LXD), Distance : 415 ft
|
Batting: LHB Jeff Gordon
|
0-0: Ball 1-0: Foul Ball, location: 2F 1-1: Ball 2-1: Ball 3-1: Fly out, F7 (Flyball, 7S)
|
Batting: RHB Clancy Booker
|
0-0: Called Strike 0-1: Swinging Strike 0-2: Ball 1-2: Ball 2-2: Ball 3-2: Strikes out swinging
|
Bottom of the 1st over - 2 run(s), 2 hit(s), 0 error(s), 0 left on base; Richmond 1 - Trenton 2 |
TOP OF THE 2ND |
Richmond Flairs batting - Pitching for Trenton Stars : RHP Jesús Martínez
|
Batting: LHB Frank Geddes
|
0-0: Ball 1-0: Called Strike 1-1: Foul Ball, location: 2F 1-2: Ball 2-2: Ball 3-2: Foul Ball, location: 2F 3-2: Base on Balls
|
Batting: LHB R.J. Courtney
|
0-0: Called Strike 0-1: Ball 1-1: Single, Error in OF, E9, batter to second base Frank Geddes to third
|
Batting: RHB Tadakuni Sugiyama
|
0-0: Swinging Strike 0-1: Ball 1-1: Foul Ball, location: 2F 1-2: Foul Ball, location: 2F 1-2: Foul Ball, location: 2F 1-2: Ground out U3 (Groundball, 34) Frank Geddes scores R.J. Courtney to third
|
Batting: RHB Freddy Padilla
|
0-0: Ball 1-0: Foul Ball, location: 2F 1-1: SINGLE (Groundball, 4D) R.J. Courtney scores
|
Batting: RHB Ray Yates
|
0-0: Swinging Strike 0-1: Ball 1-1: Foul Ball, location: 2F 1-2: Ball 2-2: Ball Wild Pitch! Freddy Padilla to second 3-2: Fly out, F5 (Line Drive, 5S)
|
Batting: LHB Luis Villa
|
0-0: Foul Ball, location: 2F 0-1: Ball 1-1: Swinging Strike 1-2: Ground out U3 (Groundball, 34S)
|
Top of the 2nd over - 2 run(s), 2 hit(s), 1 error(s), 1 left on base; Richmond 3 - Trenton 2 |
BOTTOM OF THE 2ND |
Trenton Stars batting - Pitching for Richmond Flairs : RHP Jack Walker
|
Batting: LHB Gerardo Guzmán
|
0-0: Called Strike 0-1: Ball 1-1: Ball 2-1: Foul Ball, location: 2F 2-2: SINGLE (Groundball, 4D)
|
Batting: RHB Kenji Murayama
|
0-0: Called Strike Gerardo Guzmán is caught stealing 2nd base 0-1: Called Strike 0-2: Ball 1-2: Ball 2-2: Ground out 6-3 (Groundball, 6)
|
Batting: RHB Roberto Chávez
|
0-0: Swinging Strike 0-1: Called Strike 0-2: Ball 1-2: Ball 2-2: Strikes out looking
|
Bottom of the 2nd over - 0 run(s), 1 hit(s), 0 error(s), 0 left on base; Richmond 3 - Trenton 2 |
TOP OF THE 3RD |
Richmond Flairs batting - Pitching for Trenton Stars : RHP Jesús Martínez
|
Batting: RHB R.J. Crosby
|
0-0: Called Strike 0-1: Ball 1-1: Foul Ball, location: 2F 1-2: Foul Ball, location: 2F 1-2: Ball 2-2: Ball 3-2: SINGLE (Flyball, 4MD)
|
Batting: LHB Sean Nicks
|
0-0: Ball 1-0: Foul Ball, location: 2F 1-1: Ball 2-1: DOUBLE (Flyball, 9D) R.J. Crosby to third
|
Batting: RHB Jorge Jiménez
|
0-0: Ball 1-0: Ball 2-0: Called Strike 2-1: Ball 3-1: Base on Balls
|
Batting: LHB Frank Geddes
|
0-0: Ball 1-0: Called Strike 1-1: Ball Wild Pitch! R.J. Crosby scores Sean Nicks to third Jorge Jiménez to second 2-1: SINGLE (Line Drive, 78S) Sean Nicks scores Jorge Jiménez to third Runner from 3rd tries for Home, SAFE, no throw
|
Pitching: RHP Tomás Pagán
|
|
Batting: LHB R.J. Courtney
|
0-0: Ball 1-0: Called Strike 1-1: Foul Ball, location: 2F 1-2: Foul Ball, location: 2F 1-2: Foul Ball, location: 2F 1-2: Foul Ball, location: 2F 1-2: Ball 2-2: Foul Ball, location: 2F 2-2: Fly out, F7 (Flyball, 7)
|
Batting: RHB Tadakuni Sugiyama
|
0-0: Called Strike 0-1: Ground out 5-3 (Groundball, 56S) Frank Geddes to second
|
Batting: RHB Freddy Padilla
|
0-0: Ball 1-0: Swinging Strike 1-1: Ball 2-1: Ground out 5-3 (Groundball, 56S)
|
Top of the 3rd over - 3 run(s), 3 hit(s), 0 error(s), 1 left on base; Richmond 6 - Trenton 2 |
BOTTOM OF THE 3RD |
Trenton Stars batting - Pitching for Richmond Flairs : RHP Jack Walker
|
Batting: LHB Eugene Miller
|
0-0: Ball 1-0: Ball 2-0: Foul Ball, location: 2F 2-1: Swinging Strike 2-2: Ball 3-2: Strikes out swinging
|
Batting: LHB Alonzo Medine
|
0-0: Called Strike 0-1: Swinging Strike 0-2: Foul Ball, location: 2F 0-2: Strikes out looking
|
Batting: RHB Ken McDonald
|
0-0: Called Strike 0-1: Hit by Pitch
|
Batting: RHB Rafael Canales
|
0-0: Called Strike 0-1: Ball 1-1: Called Strike 1-2: SINGLE (Line Drive, 78S) Ken McDonald to second
|
Batting: LHB Jeff Gordon
|
0-0: Ball 1-0: Foul Ball, location: 2F 1-1: Foul Ball, location: 2F 1-2: Strikes out looking
|
Bottom of the 3rd over - 0 run(s), 1 hit(s), 0 error(s), 2 left on base; Richmond 6 - Trenton 2 |
TOP OF THE 4TH |
Richmond Flairs batting - Pitching for Trenton Stars : RHP Tomás Pagán
|
Batting: RHB Ray Yates
|
0-0: Ball 1-0: Fly out, F7 (Flyball, 7S)
|
Batting: LHB Luis Villa
|
0-0: Called Strike 0-1: Ball 1-1: Ball 2-1: Foul Ball, location: 2F 2-2: Foul Ball, location: 2F 2-2: Foul Ball, location: 2F 2-2: Ball 3-2: Foul Ball, location: 2F 3-2: Base on Balls
|
Batting: RHB R.J. Crosby
|
0-0: Called Strike Luis Villa steals 2nd base 0-1: Ground out 4-3 (Groundball, 34) Luis Villa to third
|
Batting: LHB Sean Nicks
|
0-0: Ball 1-0: Ground out 4-3 (Groundball, 4)
|
Top of the 4th over - 0 run(s), 0 hit(s), 0 error(s), 1 left on base; Richmond 6 - Trenton 2 |
BOTTOM OF THE 4TH |
Trenton Stars batting - Pitching for Richmond Flairs : RHP Jack Walker
|
Batting: RHB Clancy Booker
|
0-0: Called Strike 0-1: Ball 1-1: Foul Ball, location: 2F 1-2: Foul Ball, location: 2F 1-2: Ball 2-2: Ball 3-2: Strikes out swinging
|
Batting: LHB Gerardo Guzmán
|
0-0: Swinging Strike 0-1: Foul Ball, location: 2F 0-2: Ball 1-2: Ball 2-2: Ball 3-2: Base on Balls
|
Batting: RHB Kenji Murayama
|
0-0: Called Strike 0-1: Grounds into double play, 6-4-3 (Groundball, 6)
|
Bottom of the 4th over - 0 run(s), 0 hit(s), 0 error(s), 0 left on base; Richmond 6 - Trenton 2 |
TOP OF THE 5TH |
Richmond Flairs batting - Pitching for Trenton Stars : RHP Tomás Pagán
|
Batting: RHB Jorge Jiménez
|
0-0: Ball 1-0: Ground out 5-3 (Groundball, 56S)
|
Batting: LHB Frank Geddes
|
0-0: Swinging Strike 0-1: Called Strike 0-2: Ball 1-2: Foul Ball, location: 2F 1-2: Strikes out swinging
|
Batting: LHB R.J. Courtney
|
0-0: Ball 1-0: Ball 2-0: Fly out, F9 (Flyball, 89M)
|
Top of the 5th over - 0 run(s), 0 hit(s), 0 error(s), 0 left on base; Richmond 6 - Trenton 2 |
BOTTOM OF THE 5TH |
Trenton Stars batting - Pitching for Richmond Flairs : RHP Jack Walker
|
Batting: RHB Roberto Chávez
|
0-0: Ball 1-0: Ball 2-0: Foul Ball, location: 2F 2-1: Foul Ball, location: 2F 2-2: Foul Ball, location: 2F 2-2: Ball 3-2: Fly out, F7 (Flyball, 7LMF)
|
Batting: LHB Eugene Miller
|
0-0: Called Strike 0-1: Ground out 4-3 (Groundball, 34)
|
Batting: LHB Alonzo Medine
|
0-0: Ball 1-0: Foul Ball, location: 2F 1-1: Ball 2-1: Fly out, F3 (Line Drive, 3S)
|
Bottom of the 5th over - 0 run(s), 0 hit(s), 0 error(s), 0 left on base; Richmond 6 - Trenton 2 |
TOP OF THE 6TH |
Richmond Flairs batting - Pitching for Trenton Stars : RHP Tomás Pagán
|
Batting: RHB Tadakuni Sugiyama
|
0-0: Ball 1-0: Called Strike 1-1: Ball 2-1: SINGLE (Flyball, 8RS)
|
Pitching: RHP Gilberto Martínez
|
|
Batting: RHB Freddy Padilla
|
0-0: Fly out, F4 (Line Drive, 4M)
|
Batting: RHB Ray Yates
|
0-0: Called Strike 0-1: Ball 1-1: Ball 2-1: Foul Ball, location: 2F 2-2: Foul Ball, location: 2F 2-2: Ball 3-2: Foul Ball, location: 2F 3-2: Foul Ball, location: 2F 3-2: Base on Balls Tadakuni Sugiyama to second
|
Batting: LHB Luis Villa
|
0-0: Called Strike 0-1: Ball 1-1: Swinging Strike 1-2: TRIPLE (Groundball, 3L) Tadakuni Sugiyama scores Ray Yates scores
|
Batting: RHB R.J. Crosby
|
0-0: Ball 1-0: Ball 2-0: Ball 3-0: Base on Balls
|
Batting: LHB Sean Nicks
|
0-0: Swinging Strike 0-1: Ball 1-1: Foul Ball, location: 2F 1-2: Ball 2-2: Ball 3-2: Strikes out swinging
|
Batting: RHB Jorge Jiménez
|
0-0: Called Strike 0-1: Called Strike 0-2: Ball 1-2: Ball 2-2: Foul Ball, location: 2F 2-2: Strikes out swinging
|
Top of the 6th over - 2 run(s), 2 hit(s), 0 error(s), 2 left on base; Richmond 8 - Trenton 2 |
BOTTOM OF THE 6TH |
Trenton Stars batting - Pitching for Richmond Flairs : RHP Jack Walker
|
Batting: RHB Ken McDonald
|
0-0: Fly out, F4 (Line Drive, 4)
|
Batting: RHB Rafael Canales
|
0-0: Called Strike 0-1: Ball 1-1: Called Strike 1-2: Ball 2-2: Foul Ball, location: 2F 2-2: Foul Ball, location: 2F 2-2: Ground out 6-3 (Groundball, 6)
|
Batting: LHB Jeff Gordon
|
0-0: Ball 1-0: Called Strike 1-1: Ball 2-1: Swinging Strike 2-2: Ball 3-2: Strikes out swinging
|
Bottom of the 6th over - 0 run(s), 0 hit(s), 0 error(s), 0 left on base; Richmond 8 - Trenton 2 |
TOP OF THE 7TH |
Richmond Flairs batting - Pitching for Trenton Stars : RHP Gilberto Martínez
|
Pitching: RHP Chris Johns
|
|
Batting: LHB Frank Geddes
|
0-0: Ball 1-0: Ball 2-0: Swinging Strike 2-1: Fly out, F7 (Flyball, 7S)
|
Batting: LHB R.J. Courtney
|
0-0: Ground out U3 (Groundball, 3)
|
Batting: RHB Tadakuni Sugiyama
|
0-0: Ball 1-0: Ball 2-0: Foul Ball, location: 2F 2-1: SINGLE (Groundball, 34D)
|
Batting: RHB Freddy Padilla
|
0-0: Ball 1-0: Foul Ball, location: 2F 1-1: Foul Ball, location: 2F 1-2: Ball 2-2: Reached on error, E9 (Line Drive, 9) Tadakuni Sugiyama to third
|
Batting: RHB Ray Yates
|
0-0: Ball 1-0: Swinging Strike 1-1: Foul Ball, location: 2F 1-2: 3-RUN HOME RUN (Flyball, 78XD), Distance : 410 ft
|
Batting: LHB Luis Villa
|
0-0: Ball 1-0: Ball 2-0: Foul Ball, location: 2F 2-1: Fly out, F9 (Flyball, 9)
|
Top of the 7th over - 3 run(s), 2 hit(s), 1 error(s), 0 left on base; Richmond 11 - Trenton 2 |
BOTTOM OF THE 7TH |
Trenton Stars batting - Pitching for Richmond Flairs : RHP Jack Walker
|
Pitching: LHP Takaaki Omori
|
|
Batting: RHB Clancy Booker
|
0-0: Ball 1-0: Foul Ball, location: 2F 1-1: Ball 2-1: SINGLE (Groundball, 34D)
|
Batting: LHB Gerardo Guzmán
|
0-0: Called Strike 0-1: Ball 1-1: Ball 2-1: Called Strike 2-2: Strikes out swinging
|
Batting: RHB Kenji Murayama
|
0-0: Ball 1-0: Called Strike 1-1: Foul Ball, location: 2F 1-2: Ball 2-2: Fly out, F6 (Line Drive, 6MD)
|
Batting: RHB Roberto Chávez
|
0-0: 2-RUN HOME RUN (Flyball, 7LD), Distance : 343 ft
|
Batting: LHB Eugene Miller
|
0-0: SOLO HOME RUN (Flyball, 9LD), Distance : 323 ft
|
Batting: LHB Alonzo Medine
|
0-0: Called Strike 0-1: SINGLE (Groundball, 4MD)
|
Pitching: RHP Octávio Morín
|
|
Batting: RHB Ken McDonald
|
0-0: Swinging Strike 0-1: Foul Ball, location: 2F 0-2: Foul Ball, location: 2F 0-2: Ball 1-2: Foul Ball, location: 2F 1-2: Foul Ball, location: 2F 1-2: Fly out, F2 (Popup, 23)
|
Bottom of the 7th over - 3 run(s), 4 hit(s), 0 error(s), 1 left on base; Richmond 11 - Trenton 5 |
TOP OF THE 8TH |
Richmond Flairs batting - Pitching for Trenton Stars : RHP Chris Johns
|
Batting: RHB R.J. Crosby
|
0-0: Ball 1-0: Called Strike 1-1: Ground out 4-3 (Groundball, 4M)
|
Batting: LHB Sean Nicks
|
0-0: Ball 1-0: SINGLE (Flyball, 7S)
|
Batting: RHB Jorge Jiménez
|
0-0: Ball 1-0: Called Strike 1-1: Swinging Strike 1-2: Foul Ball, location: 2F 1-2: Ball 2-2: Ball 3-2: Foul Ball, location: 2F 3-2: Fly out, F8 (Flyball, 8RD)
|
Batting: LHB Frank Geddes
|
0-0: Foul Ball, location: 2F 0-1: Called Strike 0-2: Ball 1-2: Ball 2-2: Strikes out swinging
|
Top of the 8th over - 0 run(s), 1 hit(s), 0 error(s), 1 left on base; Richmond 11 - Trenton 5 |
BOTTOM OF THE 8TH |
Trenton Stars batting - Pitching for Richmond Flairs : RHP Octávio Morín
|
Now at 1B: Adrián Miranda
|
|
Now at 3B: Christian Hudson
|
|
Batting: RHB Rafael Canales
|
0-0: Foul Ball, location: 2F 0-1: Ground out 6-3 (Groundball, 6S)
|
Batting: LHB Jeff Gordon
|
0-0: SOLO HOME RUN (Line Drive, 7LD), Distance : 347 ft
|
Batting: RHB Clancy Booker
|
0-0: Ball 1-0: Ball 2-0: Ground out 6-3 (Groundball, 6D)
|
Batting: LHB Gerardo Guzmán
|
0-0: Called Strike 0-1: Foul Ball, location: 2F 0-2: Ball 1-2: DOUBLE (Flyball, 9LM)
|
Batting: RHB Kenji Murayama
|
0-0: Swinging Strike 0-1: Foul Ball, location: 2F 0-2: Ball 1-2: SINGLE (Groundball, 34D) Gerardo Guzmán to third Runner from 3rd tries for Home, SAFE, no throw
|
Pitching: RHP Hyeong-uk Yi
|
|
Batting: RHB Roberto Chávez
|
0-0: Foul Ball, location: 2F 0-1: Foul Ball, location: 2F 0-2: Ball Wild Pitch! Kenji Murayama to second 1-2: Foul Ball, location: 2F 1-2: SINGLE (Groundball, 4D) Kenji Murayama to third Runner from 3rd tries for Home, SAFE, no throw
|
Pitching: LHP Salvador Rodríguez
|
|
Batting: LHB Eugene Miller
|
0-0: Called Strike 0-1: Ball 1-1: Ball Passed Ball! Roberto Chávez to second 2-1: Swinging Strike 2-2: Ball 3-2: Ground out 6-3 (Groundball, 6)
|
Bottom of the 8th over - 3 run(s), 4 hit(s), 0 error(s), 1 left on base; Richmond 11 - Trenton 8 |
TOP OF THE 9TH |
Richmond Flairs batting - Pitching for Trenton Stars : RHP Chris Johns
|
Pitching: RHP Jonathan Booker
|
|
Batting: LHB R.J. Courtney
|
0-0: Ball 1-0: Fly out, F9 (Flyball, 9D)
|
Batting: RHB Tadakuni Sugiyama
|
0-0: Ball 1-0: Swinging Strike 1-1: Ball 2-1: Ball 3-1: Swinging Strike 3-2: Foul Ball, location: 2F 3-2: Strikes out swinging
|
Batting: RHB Freddy Padilla
|
0-0: Called Strike 0-1: Ball 1-1: Ball 2-1: Called Strike 2-2: Ball 3-2: Base on Balls
|
Batting: RHB Ray Yates
|
0-0: Ball 1-0: Ball 2-0: Ball 3-0: Base on Balls Freddy Padilla to second
|
Batting: LHB Luis Villa
|
0-0: Fly out, F8 (Flyball, 8LM)
|
Top of the 9th over - 0 run(s), 0 hit(s), 0 error(s), 2 left on base; Richmond 11 - Trenton 8 |
BOTTOM OF THE 9TH |
Trenton Stars batting - Pitching for Richmond Flairs : LHP Salvador Rodríguez
|
Pitching: RHP Luis Bruno
|
|
Batting: LHB Alonzo Medine
|
0-0: Fly out, F7 (Flyball, 78S)
|
Batting: RHB Ken McDonald
|
0-0: Ball 1-0: Ball 2-0: Ball 3-0: Called Strike 3-1: Foul Ball, location: 2F 3-2: Foul Ball, location: 2F 3-2: Base on Balls
|
Batting: RHB Rafael Canales
|
0-0: Ball 1-0: Foul Ball, location: 2F 1-1: Foul Ball, location: 2F 1-2: Ball 2-2: Ball 3-2: Grounds into double play, 6-4-3 (Groundball, 6)
|
Bottom of the 9th over - 0 run(s), 0 hit(s), 0 error(s), 0 left on base; Richmond 11 - Trenton 8 |
|